 Dungeon Crawl Stone Soup version 0.27.0-1-g7a089689b8 (webtiles) character file.

Game seed: 8414739829123356214

64 Spaninq the Ducker (level 3, 0/18 HPs)
             Began as a Spriggan Gladiator on Aug 11, 2021.
             Slain by a bullfrog skeleton (5 damage)
             ... on level 3 of the Dungeon.
             The game lasted 00:03:30 (1828 turns).

Spaninq the Ducker (Spriggan Gladiator)             Turns: 1828, Time: 00:03:31

Health: 0/18       AC:  2    Str: 11    XL:     3   Next: 91%
Magic:  4/4        EV: 19    Int:  9    God:
Gold:   71         SH:  0    Dex: 16    Spells: 2/2 levels left

rFire    . . .     SeeInvis +   a - +0 quarterstaff
rCold    . . .     Faith    .   (shield currently unavailable)
rNeg     . . .     Spirit   .   b - +0 robe
rPois    .         Reflect  .   c - +0 hat
rElec    .         Harm     .   (no cloak)
rCorr    .         Rampage  .   (gloves unavailable)
Will     .....                  (boots unavailable)
Stlth    +.........             (no amulet)
HPRegen  0.06/turn              (no ring)
MPRegen  0.09/turn              (no ring)

@: very quick
A: very small, no large weapons, unfitting armour, see invisible, speed 3
a: no special abilities


You were on level 3 of the Dungeon.
You visited 1 branch of the dungeon, and saw 3 of its levels.

You collected 71 gold pieces.

Inventory:

Hand Weapons
 a - a +0 quarterstaff (weapon)
Missiles
 d - 2 throwing nets (quivered)
 l - 10 arrows
Armour
 b - a +0 robe (worn)
 c - a +0 hat (worn)
Scrolls
 e - a scroll of teleportation {unknown}
 f - a scroll of acquirement {unknown}
 h - a scroll of magic mapping {unknown}
 i - a scroll of identify {unknown}
 k - 3 scrolls of brand weapon {unknown}
 m - a scroll of enchant weapon {unknown}
Potions
 g - a potion of flight {unknown}
 j - a potion of lignification {unknown}


   Skills:
 + Level 2.1 Fighting
 * Level 3.0 Staves
 - Level 2.0 Throwing
 + Level 4.7 Dodging


You had 2 spell levels left.
You didn't know any spells.
Your spell library was empty.

Dungeon Overview and Level Annotations

Branches:
Dungeon (3/15)

Altars:
Hepliaklqana
Trog

Shops:
D:1 *   D:2 [


Innate Abilities, Weirdness & Mutations

You are very small and have problems with some larger weapons.
You are too small for most types of armour.
You have supernaturally acute eyesight. (SInv)
You cover ground extremely quickly. (Speed+++)


Message History

You thump the endoplasm!
You kill the endoplasm!
Found a stone staircase leading up.
A bullfrog skeleton comes into view.
Found a scroll labelled YNURUSAPNOTA.
A ball python comes into view.
There is a stone staircase leading up here.
You thump the bullfrog skeleton!
The bullfrog skeleton is moderately damaged.
The bullfrog skeleton hits you but does no damage.
You hit the bullfrog skeleton.
The bullfrog skeleton is moderately damaged.
The bullfrog skeleton hits you. The bullfrog skeleton misses you.
You completely miss the bullfrog skeleton.
The bullfrog skeleton is moderately damaged.
The bullfrog skeleton closely misses you.
You hit the bullfrog skeleton.
The bullfrog skeleton is heavily damaged.
The bullfrog skeleton hits you.
You thump the ball python!
You kill the ball python!
You hit the bullfrog skeleton but do no damage.
The bullfrog skeleton is heavily damaged.
The bullfrog skeleton hits you.
The bullfrog skeleton completely misses you.
You hit the bullfrog skeleton.
The bullfrog skeleton is heavily damaged.
The bullfrog skeleton hits you but does no damage.
You hit the bullfrog skeleton.
The bullfrog skeleton is severely damaged.
The bullfrog skeleton hits you.
* * * LOW HITPOINT WARNING * * *
The bullfrog skeleton closely misses you.
You hit the bullfrog skeleton.
The bullfrog skeleton is severely damaged.
The bullfrog skeleton closely misses you.
You hit the bullfrog skeleton.
The bullfrog skeleton is almost destroyed.
The bullfrog skeleton hits you.
You die...

###....#..#.....
######. #.............
......? #.............
....... #####.......##
...... #.......# #....
#.......## ###....
#..>...... ..'...Z##
#.......## #@#
#.......## #.#
#.......#. #.#
#######.#. #.# #†#.
#.#############.#.
#.................
+..................#.#.
#############...##.#.#.
#...##.....


You could see a bullfrog skeleton.

Vanquished Creatures
  A gnoll (D:3)
  An adder (D:2)
  3 dart slugs
  5 ball pythons
  6 endoplasms
  4 goblins
  A hobgoblin (D:1)
  4 kobolds
  2 quokkas (D:2)
  9 bats
  2 frilled lizards
  2 rats (D:2)
40 creatures vanquished.

Notes
Turn   | Place    | Note
-------+----------+-------------------------------------------
     0 | D:1      | Spaninq the Spriggan Gladiator began the quest for the Orb.
     0 | D:1      | Reached XP level 1. HP: 10/10 MP: 2/2
    29 | D:1      | Found Vat Hidd's Assorted Antiques.
   241 | D:1      | Reached XP level 2. HP: 15/15 MP: 3/3
   838 | D:2      | Found Pakim's Armour Shoppe.
   911 | D:2      | Reached XP level 3. HP: 9/18 MP: 4/4
  1386 | D:3      | Found a bloodstained altar of Trog.
  1466 | D:3      | Found a hazy altar of Hepliaklqana.
  1828 | D:3      | Slain by a bullfrog skeleton

Illustrated notes

Levels and vault maps discovered:
D:1:      dpeg_arrival_tiny_a, layout_basic, serial_shops, shop
D:2:      layout_loops_cross, ebering_ecumenical_altar_sacrificial,
          serial_shops, shop, minmay_statues_item
D:3:      layout_basic, lemuel_tele_altar, grunt_temple_overflow_open

Skill      XL: |  1  2  3 |
---------------+----------+-----
Fighting       | 2 |  2.1
Staves         | 3 |  3.0
Throwing       | |  2.0
Dodging        | |  4.7

Action                   || total
-------------------------++-------
Melee: Quarterstaff      ||   105
Throw: Throwing net      ||     1
Armor: Robe              ||     9
Dodge: Dodged            ||    76
